 Dungeon Crawl Stone Soup version 0.28.0 (webtiles) character file.

Game seed: 12394930533166599409

688 browni3141 the Chopper (level 7, -6/63 HPs)
             Began as a Minotaur Berserker on Feb 10, 2022.
             Was a Believer of Trog.
             Mangled by a gnoll sergeant (7 damage)
             ... on level 6 of the Dungeon.
             The game lasted 00:01:52 (2276 turns).

browni3141 the Chopper (Minotaur Berserker)         Turns: 2276, Time: 00:01:52

Health: -6/63      AC:  2    Str: 24    XL:     7   Next: 36%
Magic:  6/6        EV:  7    Int:  4    God:    Trog [**....]
Gold:   21         SH:  0    Dex:  9    Spells: 6/6 levels left

rFire   + . .      SeeInvis .   a - +0 hand axe
rCold   . . .      Faith    .   (no shield)
rNeg    . . .      Spirit   .   b - +0 animal skin
rPois   .          Reflect  .   (helmet restricted)
rElec   .          Harm     .   (no cloak)
rCorr   .          Rampage  .   (no gloves)
Will    .....                   (no boots)
Stlth   +.........              (no amulet)
HPRegen 0.20/turn               j - ring of protection from fire
MPRegen 0.10/turn               (no ring)

@: on berserk cooldown, held, slowed, very slow
A: horns 2, retaliatory headbutt
a: Renounce Religion, Berserk, Trog's Hand


You were on level 6 of the Dungeon.
You worshipped Trog.
Trog was pleased with you.
You visited 1 branch of the dungeon, and saw 6 of its levels.

You collected 21 gold pieces.

Inventory:

Hand Weapons
 a - a +0 hand axe (weapon)
Armour
 b - a +0 animal skin (worn)
Jewellery
 j - a ring of protection from fire (left hand)
Scrolls
 e - a scroll of fog {unknown}
 f - 2 scrolls of magic mapping {unknown}
 g - 2 scrolls of blinking {unknown}
 k - a scroll of noise {unknown}
Potions
 c - 2 potions of mutation {unknown}
 d - a potion of lignification {unknown}
 h - a potion of haste {unknown}
 i - 2 potions of curing {unknown}


   Skills:
 + Level 6.0 Fighting
 + Level 6.0 Axes
 + Level 5.3 Armour
 + Level 4.9 Dodging


You had 6 spell levels left.
You didn't know any spells.
Your spell library was empty.

Dungeon Overview and Level Annotations

Branches:
Dungeon (6/15)
 Temple: D:4-7

Altars:


Innate Abilities, Weirdness & Mutations

You have a pair of horns on your head.
You reflexively headbutt those who attack you in melee.


Message History

You headbutt the gnoll sergeant, but do no damage.
The gnoll sergeant is lightly wounded.
The gnoll sergeant hits you with a +0 spear!
* * * LOW HITPOINT WARNING * * *
A red film seems to cover your vision as you go berserk!
You feel yourself moving faster!
You feel mighty! The gnoll sergeant closely misses you.
You are too injured to fight recklessly!
You are too injured to fight recklessly!
You are too injured to fight recklessly!
You slash the gnoll sergeant!
The gnoll sergeant is moderately wounded.
The gnoll sergeant hits you with a +0 spear!
* * * LOW HITPOINT WARNING * * *
You hit the gnoll sergeant.
The gnoll sergeant is heavily wounded.
The gnoll sergeant misses you. You furiously retaliate!
You headbutt the gnoll sergeant!
You hit the gnoll sergeant but do no damage.
The gnoll sergeant is severely wounded.
The gnoll throws a throwing net.
The throwing net hits you.
You become entangled in the net!
The gnoll sergeant hits you with a +0 spear.
* * * LOW HITPOINT WARNING * * *
You struggle against the net.
The gnoll sergeant barely misses you.
Unknown command.
You struggle against the net.
You feel a strong urge to attack something.
An electric eel comes into view.
The gnoll sergeant closely misses you.
You struggle against the net.
The gnoll sergeant hits you with a +0 spear!
* * * LOW HITPOINT WARNING * * *
Unknown command.
You struggle against the net.
You feel your anger nearly subside.
You are no longer berserk.
You are exhausted.
You feel yourself slow down.
The gnoll sergeant hits you with a +0 spear!
You die...

#### ####...####
#...####.##......#
...........).....#
...#...#.......## ### ###
#...#.#......# ....#..
#..####.....###
≈≈.....###.## #.......####
.≈≈.....##..# #...........
..≈≈..#.##@.# #...........
..g≈.....(g#####.......(...
..g≈..............##†.)....
...≈≈≈................)....
....≈≈................#+++#
##..g≈.............<.##
##.gS.##............# ##.≈.
#....#.......# #.≈.
....##.##.....


You could see 2 gnoll sergeants, an electric eel and a gnoll.

Vanquished Creatures
  3 ogres (D:5)
  A centaur (D:5)
  A bullfrog (D:6)
  A hound (D:5)
  A centaur skeleton (D:5)
  A gnoll shaman (D:6)
  2 iguanas (D:5)
  6 gnolls
  5 adders
  A shadow imp (D:6)
  A dart slug (D:3)
  3 orcs (D:2)
  3 endoplasms
  2 giant cockroaches
  7 goblins
  6 hobgoblins
  2 quokkas
  4 ball pythons
  4 bats
  A frilled lizard (D:1)
  3 kobolds
  3 rats
61 creatures vanquished.

Notes
Turn   | Place    | Note
-------+----------+-------------------------------------------
     0 | D:1      | browni3141 the Minotaur Berserker began the quest for the
                  | Orb.
     0 | D:1      | Reached XP level 1. HP: 19/19 MP: 0/0
    83 | D:1      | Reached XP level 2. HP: 19/27 MP: 1/1
   369 | D:2      | Reached XP level 3. HP: 33/33 MP: 2/2
  1021 | D:2      | Reached XP level 4. HP: 29/40 MP: 3/3
  1122 | D:2      | Reached ** piety under Trog
  1659 | D:5      | Entered Level 5 of the Dungeon
  1659 | D:5      | Noticed an ogre
  1664 | D:5      | Killed an ogre
  1665 | D:5      | Reached XP level 5. HP: 47/47 MP: 4/4
  1668 | D:5      | Reached skill level 5 in Fighting
  1668 | D:5      | Reached skill level 5 in Axes
  1715 | D:5      | Noticed an ogre
  1719 | D:5      | Reached XP level 6. HP: 38/56 MP: 5/5
  2003 | D:5      | Reached skill level 5 in Armour
  2003 | D:5      | Reached XP level 7. HP: 62/62 MP: 6/6
  2275 | D:6      | HP: 1/94 [gnoll sergeant (9)]
  2276 | D:6      | Mangled by a gnoll sergeant

Illustrated notes

Levels and vault maps discovered:
D:1:      minmay_arrival_open_corners, layout_loops_ring
D:2:      layout_rooms
D:3:      layout_loops_ring, basic_ecumenical_altar, gup_sewer_entry_pipe,
          uniq_crazy_yiuf_cottage
D:4:      layout_cave_pools, led_xom_imps, serial_undead, serial_undead_b,
          serial_undead_c, serial_undead_a, serial_undead_f, nrook_mini_vaults,
          grunt_ministairs_9, minmay_crossroads, uniq_pikel
D:5:      layout_cave_pools
D:6:      layout_cave_pools, serial_gnoll_camp, gnoll_camp_medium_01,
          gnoll_camp_huts_moat, gnoll_camp_medium_02, gnoll_camp_mini_hut,
          gnoll_camp_mini_doghouse, guppyfry_shop_venom

Skill      XL: |  1  2  3  4  5  6  7 |
---------------+----------------------+-----
Axes           | 4 5 6 |  6.0
Fighting       | 4 5 6 |  6.0
Armour         | 3 4 5 |  5.3
Dodging        | 3 4 |  4.9

Action                   |  1- 3 |  4- 6 |  7- 9 || total
-------------------------+-------+-------+-------++-------
Melee: Hand axe          |    61 |    50 |    25 ||   136
       Headbutt          |     7 |    10 |     5 ||    22
       Punch             |       |     1 |       ||     1
Invok: Berserk           |     1 |     5 |     2 ||     8
Armor: Animal skin       |     5 |     4 |     3 ||    12
Dodge: Dodged            |    47 |    26 |    18 ||    91
